 Dungeon Crawl Stone Soup version 0.27-a0-1188-g73eefd5def (webtiles) character file.

Game seed: 16376578037814710125

9 bande the Skirmisher (level 2, 0/19 HPs)
             Began as a Gargoyle Fighter on May 22, 2021.
             Slain by a hobgoblin (3 damage)
             ... on level 1 of the Dungeon.
             The game lasted 00:00:27 (154 turns).

bande the Skirmisher (Gargoyle Fighter)              Turns: 154, Time: 00:00:27

Health: 0/19       AC: 10    Str: 19    XL:     2   Next: 16%
Magic:  2/2        EV:  7    Int:  8    God:
Gold:   23         SH:  9    Dex:  9    Spells: 1/1 levels left

rFire    . . .     SeeInvis .   a - +0 war axe
rCold    . . .     Faith    .   c - +0 kite shield
rNeg     + . .     Spirit   .   b - +0 scale mail
rPois    ∞         Reflect  .   (no helmet)
rElec    +         Harm     .   (no cloak)
rCorr    .         Rampage  .   (no gloves)
Will     .....                  e - +0 pair of boots
Stlth    ..........             (no amulet)
HPRegen  0.06/turn              (no ring)
MPRegen  0.08/turn              (no ring)

@: no status effects
A: sickness immunity, AC +2, negative energy resistance 1, electricity
resistance, torment resistance 1, petrification resistance
a: no special abilities


You were on level 1 of the Dungeon.
You visited 1 branch of the dungeon, and saw 1 of its levels.

You collected 23 gold pieces.

Inventory:

Hand Weapons
 a - a +0 war axe (weapon)
Armour
 b - a +0 scale mail (worn)
 c - a +0 kite shield (worn)
 e - a +0 pair of boots (worn)
Scrolls
 f - a scroll of magic mapping {unknown}
Potions
 d - a potion of might


   Skills:
 + Level 3.5 Fighting
 + Level 1.8 Axes
 + Level 3.5 Armour
 + Level 3.4 Shields


You had one spell level left.
You didn't know any spells.
Your spell library was empty.

Dungeon Overview and Level Annotations

Branches:
Dungeon (1/15)

Altars:


Innate Abilities, Weirdness & Mutations

You are immune to sickness and miasma.
Your stone body is resilient. (AC +2)
You are immune to poison.
You resist negative energy. (rN+)
You are resistant to electric shocks. (rElec)
You are resistant to unholy torment.
You are immune to petrification.


Message History

The ball python bites you but does no damage.
The ball python constricts you.
You completely miss the ball python. You hit the plant.
You hit the plant but do no damage. You block the ball python's attack.
The ball python constricts you. The ball python barely misses you.
The ball python constricts you.
You closely miss the ball python. You hit the plant. x2
A nearby plant withers and dies. x2; You block the ball python's attack.
The ball python constricts you. The ball python bites you.
The ball python constricts you.
You closely miss the ball python. You hit the endoplasm.
You block the endoplasm's attack. The ball python bites you.
The ball python constricts you. You block the ball python's attack.
The ball python constricts you. The endoplasm freezes you.
You are frozen.
The hobgoblin hits you but does no damage.
You barely miss the ball python. You hit the endoplasm but do no damage.
You hit the hobgoblin but do no damage.
The ball python bites you but does no damage.
The ball python constricts you. You block the endoplasm's attack.
The hobgoblin hits you. The ball python barely misses you.
The ball python constricts you.
Unknown command.
You slash the ball python!
You kill the ball python!
You hit the endoplasm but do no damage.
Your scale mail prevents you from hitting the hobgoblin.
The endoplasm closely misses you. The hobgoblin hits you.
You block the endoplasm's attack. The hobgoblin closely misses you.
Unknown command.
You barely miss the hobgoblin. You hit the endoplasm.
The endoplasm closely misses you.
The hobgoblin hits you but does no damage.
The endoplasm freezes you.
You are frozen.
* * * LOW HITPOINT WARNING * * *
You barely miss the hobgoblin. You hit the endoplasm but do no damage.
The hobgoblin hits you.
You die...

...................##
.......##..###..####
..........##...##
.#...##......#.#
............##.#
...............###
....####:........
##.. #.g#####.. #.
#..#@≈P≈# # #
......J.≈≈PP.#
......##.P≈≈...#
.#.... #..♣≈P#..
##... ##PP≈P# # .....
P≈♣P≈# ##.. ≈P≈


P≈P .P♣♣PP≈ You could see an endoplasm and a hobgoblin.

Vanquished Creatures
  A ball python (D:1)
  2 giant cockroaches (D:1)
  A goblin (D:1)
  A hobgoblin (D:1)
  A quokka (D:1)
  A frilled lizard (D:1)
  A rat (D:1)
8 creatures vanquished.

Vanquished Creatures (others)
  2 plants (D:1)
2 creatures vanquished.

Grand Total: 10 creatures vanquished

Notes
Turn   | Place    | Note
-------+----------+-------------------------------------------
     0 | D:1      | bande the Gargoyle Fighter began the quest for the Orb.
     0 | D:1      | Reached XP level 1. HP: 14/14 MP: 1/1
   138 | D:1      | Reached XP level 2. HP: 19/19 MP: 2/2
   154 | D:1      | Slain by a hobgoblin

Illustrated notes

Levels and vault maps discovered:
D:1:      dpeg_arrival_fog, layout_rooms, serial_shops, shop,
          serial_bayou_lagoon_a

Action                   || total
-------------------------++-------
Melee: War axe           ||    33
Armor: Scale mail        ||    19
Dodge: Dodged            ||    14
Block: Kite shield       ||    24

Table legend: (Time is in decaauts)
 A = Elapsed time spent in this place.
 B = Non-inter-level travel time spent in this place.
 C = Inter-level travel time spent in this place.
 D = Time resting spent in this place.
 E = Time spent auto-exploring this place.
 F = Levels seen in this place.
 G = Mean time per level.
                   A        B        C        D        E       F      G
               +--------+--------+--------+--------+--------+-----+--------+
         Total |    175 |    175 |      0 |      0 |     90 |   1 |  175.0 |
       Dungeon |    175 |    175 |      0 |      0 |     90 |   1 |  175.0 |
               +--------+--------+--------+--------+--------+-----+--------+

Top non-repeatable levels by time:
     D:1: 175 daAuts
